General information
- name: BNet
- type: Ladder team game (AT/RT)
- host: Battle.net
- saver: rod-is-my-son
map: MarketSquare
- players: 8
- length: 60:26
- speed: Fast
- version: 1.26 W3XP
- replay type: Public
» download(353 KB)
Players
team 1 (loser)

»
Random_Techer (
teal | 66 APM | 1952 actions | 29:22)
5 Mountain King
3 Storm Bolt
2 Bash
4 Paladin
2 Holy Light
2 Divine Shield
» actions
| Assign group hotkey | 34 | |
| Basic commands | 136 | |
| Build / train | 165 | |
| Enter build submenu | 50 | |
| Enter hero's abilities submenu | 9 | |
| Remove unit from queue | 29 | |
| Right click | 705 | |
| Select / deselect | 308 | |
| Select group hotkey | 391 | |
| Use ability | 125 | |
1952 total
» units
| Peasant | 21 | |
| Footman | 7 | |
| Rifleman | 5 | |
| Sorceress | 2 | |
| Spell Breaker | 7 | |
| Siege Engine | 13 | |
55 total
» upgrades
| Masonry | 3 | |
| Defend | 1 | |
| Lumber Harvesting | 2 | |
| Plating | 2 | |
| Swords | 2 | |
| Long Rifles | 2 | |
| Armor | 1 | |
| Gunpowder | 2 | |
15 total
» buildings
| Altar of Kings | 1 | |
| Farm | 12 | |
| Scout Tower | 11 | |
| Arcane Tower | 5 | |
| Barracks | 2 | |
| Lumber Mill | 2 | |
| Arcane Vault | 1 | |
| Blacksmith | 1 | |
| Keep | 4 | |
| Guard Tower | 13 | |
| Town Hall | 2 | |
| Castle | 2 | |
| Arcane Sanctum | 2 | |
| Workshop | 2 | |
60 total
» build order
00:22 Altar of Kings
00:36 Farm
00:51 Farm
01:22 Scout Tower
01:49 Arcane Tower
01:50 Arcane Tower
01:54 Barracks
02:01 Lumber Mill
02:09 Scout Tower
02:29 Arcane Vault
02:42 Arcane Tower
02:53 Blacksmith
03:04 Farm
03:07 Farm
04:13 Keep
04:13 Keep
04:42 Scout Tower
04:43 Scout Tower
04:50 Scout Tower
05:00 Farm
05:06 Farm
05:09 Farm
05:19 Guard Tower
05:19 Guard Tower
05:21 Guard Tower
05:21 Guard Tower
06:06 Scout Tower
06:12 Barracks
06:36 Guard Tower
08:22 Town Hall
08:31 Scout Tower
08:32 Scout Tower
08:37 Scout Tower
08:38 Scout Tower
08:43 Scout Tower
09:15 Guard Tower
09:16 Guard Tower
11:06 Castle
11:42 Arcane Sanctum
11:44 Arcane Sanctum
12:06 Workshop
12:08 Workshop
12:17 Lumber Mill
14:18 Farm
14:20 Farm
15:00 Farm
15:01 Farm
15:02 Farm
21:28 Town Hall
» items
| Lesser Clarity Potion | 2 | |
| Scroll of Regeneration | 3 | |
| Potion of Healing | 3 | |
| Orb of Fire | 1 | |
9 total
jakeIsMySister (
orange | 86 APM | 5205 actions | 60:23)
9 Blood Mage
3 Flame Strike
3 Banish
1 Summon Phoenix
2 Siphon Mana
8 Mountain King
3 Storm Bolt
3 Bash
1 Avatar
1 Thunder Clap
» actions
| Assign group hotkey | 88 | |
| Basic commands | 171 | |
| Build / train | 166 | |
| ESC pressed | 5 | |
| Enter build submenu | 61 | |
| Enter hero's abilities submenu | 18 | |
| Give item / drop item | 9 | |
| Remove unit from queue | 2 | |
| Right click | 2163 | |
| Select / deselect | 710 | |
| Select group hotkey | 1598 | |
| Use ability | 214 | |
5205 total
» units
| Peasant | 27 | |
| Footman | 7 | |
| Gryphon Rider | 13 | |
| Dragonhawk Rider | 11 | |
58 total
» upgrades
| Masonry | 3 | |
| Swords | 3 | |
| Armor | 3 | |
| Lumber Harvesting | 2 | |
| Animal War Training | 1 | |
| Storm Hammers | 1 | |
| Cloud | 1 | |
| Magic Sentry | 1 | |
| Gunpowder | 3 | |
| Plating | 3 | |
| Backpack | 1 | |
| Sorceress Training | 2 | |
| Priest Training | 2 | |
| Control Magic | 1 | |
| Defend | 1 | |
| Long Rifles | 1 | |
29 total
» buildings
| Altar of Kings | 1 | |
| Barracks | 1 | |
| Farm | 11 | |
| Arcane Vault | 2 | |
| Town Hall | 5 | |
| Scout Tower | 31 | |
| Arcane Tower | 4 | |
| Lumber Mill | 1 | |
| Keep | 3 | |
| Blacksmith | 1 | |
| Castle | 1 | |
| Gryphon Aviary | 5 | |
| Guard Tower | 8 | |
| Arcane Sanctum | 1 | |
75 total
» build order
00:05 Altar of Kings
00:08 Barracks
00:11 Farm
00:59 Farm
02:24 Farm
02:28 Arcane Vault
03:27 Town Hall
03:57 Farm
04:41 Scout Tower
04:43 Scout Tower
04:49 Scout Tower
04:52 Scout Tower
05:07 Arcane Tower
05:28 Arcane Tower
05:45 Arcane Tower
05:46 Arcane Tower
05:52 Lumber Mill
06:27 Keep
06:27 Keep
06:44 Blacksmith
08:42 Town Hall
08:48 Castle
08:59 Gryphon Aviary
09:03 Gryphon Aviary
10:52 Scout Tower
10:53 Scout Tower
10:53 Scout Tower
10:54 Scout Tower
11:18 Farm
11:21 Farm
11:25 Farm
13:24 Guard Tower
15:24 Scout Tower
15:24 Scout Tower
15:26 Scout Tower
16:44 Guard Tower
17:19 Scout Tower
17:21 Scout Tower
17:25 Scout Tower
17:47 Guard Tower
18:35 Guard Tower
19:44 Scout Tower
19:45 Scout Tower
19:56 Scout Tower
19:57 Scout Tower
19:57 Scout Tower
19:58 Scout Tower
20:21 Gryphon Aviary
20:23 Gryphon Aviary
20:25 Gryphon Aviary
21:48 Guard Tower
23:38 Arcane Sanctum
24:48 Scout Tower
24:49 Scout Tower
24:51 Scout Tower
24:52 Scout Tower
25:24 Scout Tower
25:25 Scout Tower
25:25 Scout Tower
25:26 Scout Tower
25:27 Guard Tower
26:10 Guard Tower
26:51 Scout Tower
26:52 Scout Tower
26:53 Scout Tower
27:09 Farm
27:15 Farm
27:34 Guard Tower
29:25 Town Hall
29:55 Farm
29:57 Farm
32:30 Town Hall
34:41 Town Hall
38:14 Arcane Vault
» items
| Scroll of Regeneration | 17 | |
| Mechanical Critter | 2 | |
| Staff of Teleportation | 1 | |
| Periapt of Vitality | 2 | |
| Boots of Speed | 1 | |
| Circlet of Nobility | 1 | |
| Orb of Fire | 2 | |
| Scroll of Town Portal | 9 | |
| Scroll of Healing | 1 | |
| Potion of Invisibility | 1 | |
| Lesser Clarity Potion | 3 | |
| Potion of Healing | 1 | |
41 total

»
Freewin(BIGtime (
pink | 40 APM | 1188 actions | 29:28)
6 Demon Hunter
3 Mana Burn
2 Evasion
1 Metamorphosis
1 Warden
1 Fan of Knives
» actions
| Basic commands | 18 | |
| Build / train | 70 | |
| Enter build submenu | 23 | |
| Enter hero's abilities submenu | 7 | |
| Give item / drop item | 3 | |
| Remove unit from queue | 2 | |
| Right click | 615 | |
| Select / deselect | 362 | |
| Use ability | 88 | |
1188 total
» units
| Wisp | 20 | |
| Huntress | 10 | |
| Druid of the Claw | 13 | |
| Dryad | 1 | |
44 total
» upgrades
| Strength of the Moon | 1 | |
| Ultravision | 1 | |
| Nature's Blessing | 1 | |
| Druid of the Claw Training | 2 | |
| Strength of the Wild | 3 | |
| Reinforced Hides | 2 | |
| Mark of the Claw | 1 | |
11 total
» buildings
| Altar of Elders | 1 | |
| Moon Well | 10 | |
| Hunter's Hall | 1 | |
| Ancient of War | 1 | |
| Tree of Ages | 1 | |
| Ancient Protector | 5 | |
| Ancient of Lore | 2 | |
| Tree of Eternity | 1 | |
| Tree of Life | 1 | |
23 total
» build order
00:23 Altar of Elders
00:41 Moon Well
01:07 Moon Well
01:55 Hunter's Hall
02:26 Moon Well
02:33 Ancient of War
03:12 Moon Well
03:42 Tree of Ages
03:46 Moon Well
04:03 Moon Well
04:42 Moon Well
04:55 Ancient Protector
05:08 Ancient Protector
05:25 Ancient Protector
06:16 Ancient of Lore
09:32 Tree of Eternity
10:30 Ancient of Lore
16:12 Ancient Protector
16:17 Ancient Protector
26:04 Tree of Life
27:37 Moon Well
27:39 Moon Well
27:42 Moon Well
» items
| Periapt of Vitality | 1 | |
| Boots of Speed | 1 | |
2 total
3_Arrows (
blue | 20 APM | 1191 actions | 60:23)
3 Blademaster
1 Wind Walk
2 Critical Strike
» actions
| Assign group hotkey | 27 | |
| Basic commands | 79 | |
| Build / train | 57 | |
| ESC pressed | 2 | |
| Enter build submenu | 20 | |
| Enter hero's abilities submenu | 3 | |
| Remove unit from queue | 1 | |
| Right click | 430 | |
| Select / deselect | 273 | |
| Select group hotkey | 263 | |
| Use ability | 36 | |
1191 total
» units
| Peon | 12 | |
| Wind Rider | 15 | |
| Troll Batrider | 4 | |
| Mortar Team | 1 | |
| Flying Machine | 6 | |
38 total
» upgrades
| Ranged Weapons | 3 | |
| Armor | 3 | |
| Envenomed Spears | 1 | |
| Liquid Fire | 1 | |
8 total
» buildings
| Orc Burrow | 5 | |
| Altar of Storms | 1 | |
| Stronghold | 1 | |
| War Mill | 1 | |
| Beastiary | 2 | |
| Voodoo Lounge | 1 | |
| Fortress | 1 | |
| Great Hall | 4 | |
| Watch Tower | 4 | |
20 total
» build order
00:10 Orc Burrow
00:13 Altar of Storms
01:15 Orc Burrow
02:25 Stronghold
02:51 War Mill
04:11 Orc Burrow
04:53 Beastiary
05:10 Beastiary
05:15 Voodoo Lounge
09:44 Fortress
10:21 Great Hall
10:24 Watch Tower
11:26 Great Hall
11:42 Great Hall
11:52 Orc Burrow
11:56 Orc Burrow
12:07 Great Hall
13:48 Watch Tower
13:52 Watch Tower
14:35 Watch Tower
» items
| Scroll of Regeneration | 1 | |
| Potion of Healing | 1 | |
| Healing Salve | 2 | |
4 total
team 2 (winner)
ThUGLyfE (
red | 60 APM | 2885 actions | 48:15)
6 Blademaster
2 Wind Walk
3 Critical Strike
1 Bladestorm
3 Tauren Chieftain
2 Endurance Aura
1 War Stomp
4 Shadow Hunter
2 Healing Wave
2 Hex
» actions
| Assign group hotkey | 69 | |
| Basic commands | 16 | |
| Build / train | 92 | |
| ESC pressed | 8 | |
| Enter build submenu | 60 | |
| Enter hero's abilities submenu | 13 | |
| Give item / drop item | 3 | |
| Remove unit from queue | 1 | |
| Right click | 1215 | |
| Select / deselect | 500 | |
| Select group hotkey | 726 | |
| Use ability | 182 | |
2885 total
» units
| Peon | 20 | |
| Grunt | 4 | |
| Tauren | 6 | |
| Spirit Walker | 2 | |
| Troll Batrider | 16 | |
48 total
» upgrades
| Armor | 3 | |
| Melee Weapons | 3 | |
| Shaman Training | 1 | |
| Spirit Walker Training | 2 | |
| Reinforced Defenses | 1 | |
| Pulverize | 1 | |
| Liquid Fire | 1 | |
| Ranged Weapons | 2 | |
14 total
» buildings
| Orc Burrow | 10 | |
| Altar of Storms | 1 | |
| Barracks | 1 | |
| Voodoo Lounge | 2 | |
| War Mill | 1 | |
| Stronghold | 1 | |
| Watch Tower | 28 | |
| Fortress | 1 | |
| Spirit Lodge | 1 | |
| Tauren Totem | 3 | |
| Great Hall | 3 | |
| Beastiary | 2 | |
54 total
» build order
00:47 Orc Burrow
00:52 Altar of Storms
03:00 Barracks
03:03 Orc Burrow
03:06 Voodoo Lounge
04:09 Orc Burrow
04:21 War Mill
04:57 Orc Burrow
06:25 Stronghold
06:34 Watch Tower
07:14 Orc Burrow
08:48 Fortress
08:53 Spirit Lodge
10:01 Orc Burrow
11:29 Tauren Totem
12:15 Tauren Totem
12:20 Orc Burrow
13:44 Tauren Totem
16:41 Orc Burrow
20:01 Great Hall
21:16 Voodoo Lounge
22:03 Orc Burrow
23:49 Orc Burrow
24:10 Watch Tower
25:20 Watch Tower
26:31 Great Hall
26:33 Watch Tower
26:39 Watch Tower
26:41 Watch Tower
26:43 Watch Tower
26:47 Watch Tower
26:54 Watch Tower
27:23 Watch Tower
28:18 Watch Tower
28:20 Watch Tower
28:23 Watch Tower
29:51 Watch Tower
32:16 Beastiary
32:21 Beastiary
32:25 Watch Tower
32:30 Watch Tower
32:49 Watch Tower
33:46 Watch Tower
33:53 Watch Tower
35:02 Watch Tower
35:16 Watch Tower
36:53 Watch Tower
37:48 Watch Tower
37:55 Watch Tower
38:31 Watch Tower
39:07 Watch Tower
43:03 Great Hall
43:17 Watch Tower
43:35 Watch Tower
» items
| Healing Salve | 1 | |
| Potion of Lesser Invulnerability | 5 | |
| Scroll of Town Portal | 3 | |
| Scroll of Protection | 1 | |
| Boots of Speed | 1 | |
11 total

»
faast (
purple | 26 APM | 1555 actions | 58:54)
5 Archmage
2 Summon Water Elemental
2 Brilliance Aura
1 Blizzard
5 Paladin
1 Holy Light
3 Divine Shield
1 Devotion Aura
» actions
| Basic commands | 52 | |
| Build / train | 91 | |
| Enter build submenu | 36 | |
| Enter hero's abilities submenu | 10 | |
| Remove unit from queue | 2 | |
| Right click | 570 | |
| Select / deselect | 702 | |
| Use ability | 92 | |
1555 total
» units
| Peasant | 11 | |
| Footman | 4 | |
| Rifleman | 3 | |
| Knight | 3 | |
| Priest | 7 | |
| Siege Engine | 14 | |
| Mortar Team | 2 | |
| Sorceress | 3 | |
47 total
» upgrades
| Masonry | 3 | |
| Gunpowder | 3 | |
| Plating | 3 | |
| Lumber Harvesting | 2 | |
| Barrage | 1 | |
| Magic Sentry | 1 | |
| Priest Training | 2 | |
| Swords | 3 | |
| Sorceress Training | 1 | |
19 total
» buildings
| Altar of Kings | 1 | |
| Barracks | 1 | |
| Farm | 14 | |
| Blacksmith | 2 | |
| Lumber Mill | 1 | |
| Scout Tower | 13 | |
| Keep | 1 | |
| Arcane Tower | 6 | |
| Castle | 1 | |
| Workshop | 1 | |
| Arcane Sanctum | 1 | |
| Guard Tower | 2 | |
| Town Hall | 4 | |
| Arcane Vault | 1 | |
49 total
» build order
00:12 Altar of Kings
00:15 Barracks
00:24 Farm
00:40 Farm
01:53 Farm
02:10 Blacksmith
02:15 Blacksmith
02:37 Farm
03:03 Lumber Mill
03:14 Scout Tower
03:54 Keep
04:03 Arcane Tower
04:15 Scout Tower
04:48 Arcane Tower
05:13 Farm
06:24 Farm
07:25 Castle
07:30 Farm
09:25 Workshop
10:14 Arcane Sanctum
12:05 Scout Tower
12:06 Scout Tower
12:41 Guard Tower
13:09 Guard Tower
13:52 Scout Tower
14:22 Town Hall
14:25 Arcane Tower
14:28 Farm
14:30 Farm
15:22 Farm
16:45 Farm
16:50 Farm
17:29 Scout Tower
17:29 Scout Tower
19:30 Arcane Tower
20:59 Town Hall
22:06 Arcane Vault
25:22 Farm
25:25 Farm
25:37 Town Hall
27:14 Scout Tower
27:14 Scout Tower
27:15 Scout Tower
27:15 Scout Tower
27:45 Arcane Tower
30:48 Scout Tower
30:51 Scout Tower
31:41 Town Hall
32:03 Arcane Tower
» items
rod-is-my-son (
green | 59 APM | 3565 actions | 60:26)
7 Blademaster
3 Wind Walk
3 Critical Strike
1 Bladestorm
» actions
| Assign group hotkey | 32 | |
| Basic commands | 277 | |
| Build / train | 75 | |
| Enter build submenu | 42 | |
| Enter hero's abilities submenu | 7 | |
| Give item / drop item | 3 | |
| Right click | 1298 | |
| Select / deselect | 340 | |
| Select group hotkey | 1221 | |
| Use ability | 270 | |
3565 total
» units
| Peon | 21 | |
| Troll Batrider | 8 | |
| Wind Rider | 7 | |
| Kodo Beast | 1 | |
| Shaman | 2 | |
39 total
» upgrades
| Ranged Weapons | 3 | |
| Reinforced Defenses | 1 | |
| Armor | 3 | |
| Liquid Fire | 1 | |
| Envenomed Spears | 1 | |
9 total
» buildings
| Altar of Storms | 1 | |
| Orc Burrow | 7 | |
| War Mill | 1 | |
| Voodoo Lounge | 1 | |
| Watch Tower | 54 | |
| Stronghold | 1 | |
| Fortress | 1 | |
| Beastiary | 5 | |
| Great Hall | 4 | |
75 total
» build order
00:08 Altar of Storms
00:19 Orc Burrow
00:39 War Mill
01:24 Voodoo Lounge
01:53 Watch Tower
02:12 Watch Tower
03:07 Stronghold
03:36 Watch Tower
03:37 Watch Tower
04:03 Watch Tower
04:04 Watch Tower
04:32 Orc Burrow
04:33 Orc Burrow
04:54 Watch Tower
06:02 Watch Tower
06:02 Watch Tower
06:02 Watch Tower
06:03 Watch Tower
06:03 Watch Tower
06:04 Watch Tower
07:01 Fortress
07:14 Watch Tower
07:14 Watch Tower
07:58 Beastiary
08:33 Beastiary
11:00 Orc Burrow
12:11 Watch Tower
12:11 Watch Tower
14:06 Watch Tower
14:06 Watch Tower
14:06 Watch Tower
15:20 Orc Burrow
15:21 Orc Burrow
15:21 Orc Burrow
15:38 Watch Tower
15:39 Watch Tower
15:39 Watch Tower
16:26 Great Hall
16:28 Watch Tower
16:29 Watch Tower
16:29 Watch Tower
16:58 Watch Tower
16:58 Watch Tower
17:50 Watch Tower
17:51 Watch Tower
17:51 Watch Tower
19:11 Watch Tower
19:11 Watch Tower
19:31 Watch Tower
19:31 Watch Tower
19:59 Watch Tower
20:01 Watch Tower
20:28 Watch Tower
20:28 Watch Tower
21:33 Watch Tower
21:34 Watch Tower
21:34 Watch Tower
21:35 Watch Tower
22:12 Beastiary
22:13 Beastiary
22:54 Watch Tower
22:54 Watch Tower
23:40 Great Hall
23:42 Watch Tower
23:42 Watch Tower
23:43 Watch Tower
24:19 Watch Tower
24:53 Watch Tower
24:54 Watch Tower
25:24 Watch Tower
25:25 Watch Tower
26:02 Watch Tower
27:10 Beastiary
30:18 Great Hall
37:27 Great Hall
» items
| Healing Salve | 4 | |
| Lesser Clarity Potion | 4 | |
| Staff of Teleportation | 2 | |
| Potion of Mana | 1 | |
| Potion of Healing | 1 | |
| Scroll of Town Portal | 1 | |
| Boots of Speed | 1 | |
| Potion of Lesser Invulnerability | 1 | |
15 total
ddfdfkjekljfrio (
yellow | 92 APM | 3459 actions | 37:33)
7 Blademaster
3 Wind Walk
3 Critical Strike
1 Bladestorm
» actions
| Assign group hotkey | 30 | |
| Basic commands | 448 | |
| Build / train | 100 | |
| ESC pressed | 11 | |
| Enter build submenu | 25 | |
| Enter hero's abilities submenu | 7 | |
| Give item / drop item | 2 | |
| Remove unit from queue | 1 | |
| Right click | 755 | |
| Select / deselect | 1039 | |
| Select group hotkey | 952 | |
| Use ability | 85 | |
3459 total
» units
| Peon | 30 | |
| Shaman | 15 | |
| Troll Witch Doctor | 5 | |
| Tauren | 14 | |
64 total
» upgrades
| Spiked Barricades | 3 | |
| Shaman Training | 2 | |
| Witch Doctor Training | 2 | |
| Reinforced Defenses | 1 | |
| Pulverize | 1 | |
| Melee Weapons | 4 | |
| Armor | 2 | |
15 total
» buildings
| Altar of Storms | 1 | |
| Orc Burrow | 8 | |
| War Mill | 1 | |
| Voodoo Lounge | 1 | |
| Stronghold | 1 | |
| Watch Tower | 4 | |
| Fortress | 1 | |
| Spirit Lodge | 2 | |
| Tauren Totem | 2 | |
| Great Hall | 3 | |
24 total
» build order
00:23 Altar of Storms
00:37 Orc Burrow
00:59 War Mill
01:13 Orc Burrow
02:07 Voodoo Lounge
03:17 Stronghold
03:32 Watch Tower
04:38 Orc Burrow
05:32 Orc Burrow
05:41 Fortress
05:59 Spirit Lodge
06:02 Spirit Lodge
06:32 Orc Burrow
07:44 Orc Burrow
09:15 Tauren Totem
09:19 Tauren Totem
13:10 Great Hall
13:53 Watch Tower
15:05 Watch Tower
17:10 Orc Burrow
22:07 Orc Burrow
27:17 Great Hall
28:08 Watch Tower
28:54 Great Hall
» items
| Healing Salve | 2 | |
| Lesser Clarity Potion | 2 | |
| Orb of Lightning | 1 | |
| Scroll of Town Portal | 1 | |
6 total
Chat log
(00:02 / All) jakeIsMySister: http://i.imgur.com/l1hrj.jpg
(00:22 / All) 3_Arrows: what is that a pic of?
(00:27 / All) rod-is-my-son: me
(00:29 / All) jakeIsMySister: Jacob Campbell, a friend of mine
(00:34 / All) 3_Arrows: u doing what?
(00:40 / All) jakeIsMySister: being milked
(00:43 / All) jakeIsMySister: by his mother
(00:45 / All) jakeIsMySister: and watching jeopardy
(00:48 / All) jakeIsMySister: while playing WC3
(00:51 / All) 3_Arrows: what?
(00:54 / All) jakeIsMySister: yea
(01:01 / Allies) ThUGLyfE: rush 3 orc
(01:03 / All) faast: you must have big lactating tits
(01:08 / All) 3_Arrows: what do you mean being milked? ur not a cow
(01:09 / All) jakeIsMySister: Jacob Campbell does
(01:23 / All) jakeIsMySister: He is half man half cow manchild
(02:00 / All) 3_Arrows: what is in that picture?
(02:05 / All) jakeIsMySister: Jacob Campbell
(02:06 / All) jakeIsMySister: http://i.imgur.com/l1hrj.jpg
(02:12 / All) 3_Arrows: who is that?
(02:19 / All) jakeIsMySister: A friend
(02:26 / All) 3_Arrows: doing what?
(02:31 / All) jakeIsMySister: being milked
(02:42 / All) 3_Arrows: what does that mean?
(02:47 / All) jakeIsMySister: his udders
(02:50 / All) faast: gezuz
(02:54 / All) 3_Arrows: so he's a cow
(03:02 / All) jakeIsMySister: he is half manchild half cow
(03:16 / All) 3_Arrows: and we should look at it why?
(03:23 / All) jakeIsMySister: It's a cool pic
(03:31 / Allies) ThUGLyfE: hep
(06:07 / Allies) rod-is-my-son: wood
(06:08 / Allies) rod-is-my-son: plz
(08:15 / Allies) ddfdfkjekljfrio: ???
(08:18 / Allies) rod-is-my-son: wood
(08:24 / Allies) ddfdfkjekljfrio: PURP WHAT??
(08:32 / Allies) faast: fag just came and took item
(08:35 / Allies) faast: you piece of shit
(08:40 / Allies) ddfdfkjekljfrio: AH SORRY
(08:50 / Allies) ddfdfkjekljfrio: SORRY~~~PURP
(09:02 / Allies) ddfdfkjekljfrio: NOT REAL
(11:01 / Allies) ddfdfkjekljfrio: WE NEED AA
(11:57 / Allies) ThUGLyfE: is green bats/
(12:51 / Allies) faast: going
(13:01 / All) 3_Arrows: man my 3 allies are fucking stupid
(13:15 / All) 3_Arrows: OK Imma let orange play alone
(13:23 / All) jakeIsMySister: sure, you suck anyway
(13:26 / All) faast: you do everynight
(13:31 / All) jakeIsMySister: how creative
(13:32 / All) 3_Arrows: this nigger needs to learn his lesson
(13:41 / All) jakeIsMySister: lol
(13:43 / All) jakeIsMySister: try to stab me
(13:46 / All) jakeIsMySister: you couldnt ifyou wanted to
(13:52 / Allies) ThUGLyfE: wood plz?
(13:58 / All) 3_Arrows: Imma just watch u loser nigger
(14:05 / All) 3_Arrows: ur a selfish do nothing lazy nigger
(14:06 / All) jakeIsMySister: go ahead, you wouldnt contribute anyway
(14:07 / All) jakeIsMySister: so bad
(14:11 / Allies) faast: need siege
(14:15 / All) 3_Arrows: while me and teal attack the enemy all game, u just steal our gold u jew
(14:56 / All) 3_Arrows: LOL. this gonna be fun to watch
(15:01 / All) 3_Arrows: Im done getting orange a win
(15:05 / All) 3_Arrows: that lazy nigger needs to do some work
(15:07 / All) jakeIsMySister: I am 0-0 I do not care about wins
(15:10 / All) 3_Arrows: if he wants a win
(15:14 / All) 3_Arrows: STFU u worthless idiot
(15:19 / All) jakeIsMySister: Why so mad?
(15:24 / All) 3_Arrows: shut up kid
(15:30 / All) 3_Arrows: ur a spoiled lazy piece of shit
(15:33 / All) 3_Arrows: ur a selfish jew
(15:34 / All) jakeIsMySister: Oh really?
(15:35 / All) 3_Arrows: lazy nigger
(15:37 / All) 3_Arrows: combined
(16:01 / Allies) rod-is-my-son: hit teal
(16:01 / Allies) rod-is-my-son: guys
(16:02 / Allies) rod-is-my-son: hit teal
(16:09 / Allies) ThUGLyfE: he towered hard
(17:01 / All) 3_Arrows: LOL
(19:09 / Allies) ddfdfkjekljfrio: b
(19:10 / Allies) ddfdfkjekljfrio: b
(19:10 / Allies) ddfdfkjekljfrio: b
(19:11 / Allies) ddfdfkjekljfrio: b
(19:49 / Allies) rod-is-my-son: gold plz
(20:22 / Allies) ThUGLyfE: tarn here
(20:24 / Allies) ThUGLyfE: yellow
(20:29 / Allies) ddfdfkjekljfrio: SEE
(20:49 / All) 3_Arrows: LOL
(21:17 / Allies) ddfdfkjekljfrio: MAKE TANK
(21:22 / Allies) ddfdfkjekljfrio: BAT???
(21:25 / Allies) ddfdfkjekljfrio: WHAT??
(21:35 / All) 3_Arrows: LOL
(21:37 / All) 3_Arrows: how fun
(21:40 / All) 3_Arrows: this is great
(21:47 / All) 3_Arrows: ahah.
(21:59 / All) 3_Arrows: Now orange has to get off his lazy worthless selfish ass if he wants to win :)
(22:03 / All) 3_Arrows: OK I watch and surf the net now
(22:06 / All) jakeIsMySister: Ok bye
(22:14 / All) 3_Arrows: Sad thing is, you kids really suck
(22:20 / All) 3_Arrows: so teal and pink may win
(22:28 / All) jakeIsMySister: You threw away tons of units at my base through misrallies
(22:32 / All) jakeIsMySister: you arent one to judge
(22:34 / All) 3_Arrows: nope
(22:42 / Allies) ddfdfkjekljfrio: GREEN!!!
(22:44 / Allies) ddfdfkjekljfrio: NOOB!!!
(22:47 / Allies) ddfdfkjekljfrio: UNIT!!
(22:49 / All) 3_Arrows: orange are you really so bad you think I was trying to tk u? fing kids. SO STUPID
(22:50 / All) 3_Arrows: LOL
(22:59 / All) jakeIsMySister: I can tell you are angry, blue
(23:06 / All) 3_Arrows: nope. wrong again nooby
(23:17 / All) 3_Arrows: I think it's funny
(23:26 / All) 3_Arrows: we're gonna win
(23:30 / All) 3_Arrows: cause the enemy are horrible
(23:42 / All) jakeIsMySister: I thought you left?
(23:46 / All) jakeIsMySister: There is no need to be upset
(24:06 / Allies) rod-is-my-son: wood
(24:27 / Allies) rod-is-my-son: wood guys
(25:27 / All) 3_Arrows: hurry it up orange and win. ur boring me
(25:32 / All) jakeIsMySister: leave blue
(25:54 / All) 3_Arrows: hurry win for me nigger
(25:56 / All) 3_Arrows: im waiting
(26:04 / All) 3_Arrows: do it faster or I will wip u
(26:07 / All) 3_Arrows: whip u
(26:26 / All) 3_Arrows: u steal all the gold, don't share, don't help allies fight the enemy all game.
(26:33 / All) 3_Arrows: SO FUCKING WIN NOW SLAVE. UR MY NIGGER LOL
(26:43 / Allies) rod-is-my-son: gold plz
(26:45 / Allies) rod-is-my-son: or wood
(26:47 / Allies) rod-is-my-son: im getting wyverns
(27:17 / All) 3_Arrows: LOL LOSER OJ CAN'T WIN
(27:18 / All) 3_Arrows: I KNEW IT
(28:07 / Allies) rod-is-my-son: hit teal
(28:08 / Allies) rod-is-my-son: hit teal
(28:46 / Allies) faast: crap
(29:11 / All) 3_Arrows: LOL I KNEW ORANGE WOULD LOSE LIKE I WANT
(29:13 / All) 3_Arrows: LMFAO
(29:34 / All) 3_Arrows: BYE FAGGOT
(29:34 / All) jakeIsMySister: It's not over yet blue
(29:35 / All) 3_Arrows: ORANGE
(29:37 / All) jakeIsMySister: Did you even look?
(29:39 / All) jakeIsMySister: Green is bsing
(29:52 / Allies) ddfdfkjekljfrio: ???
(29:55 / Allies) rod-is-my-son: gold
(29:55 / Allies) ddfdfkjekljfrio: GREEN
(29:56 / Allies) rod-is-my-son: gold
(30:06 / Allies) ddfdfkjekljfrio: FUCK~~~~YOU~~~
(31:14 / All) 3_Arrows: LOL HOW FUCKIG BORING
(31:17 / All) 3_Arrows: GLAD IM READING
(31:23 / Allies) ThUGLyfE: green?
(31:34 / All) jakeIsMySister: There is a BSer on the enemy team, retard blue. It's not over
(31:39 / Allies) ddfdfkjekljfrio: GREEN
(31:46 / Allies) ddfdfkjekljfrio: NOOB~~~~~~~~~~~~~~~~~~~~~~~
(31:50 / Allies) ddfdfkjekljfrio: REAL~~~~
(31:51 / Allies) ddfdfkjekljfrio: REAL~~~
(32:24 / All) 3_Arrows: LOL
(32:27 / All) 3_Arrows: ORANGE IS SUCH A MORON
(32:36 / All) jakeIsMySister: How so?
(32:37 / All) jakeIsMySister: Humour me
(32:50 / All) 3_Arrows: ALL U DO ALL GAME IS HORDE GOLD
(33:14 / All) 3_Arrows: LOL
(33:15 / All) rod-is-my-son: purp gave up
(33:21 / All) 3_Arrows: GLAD U LOST ORANGE :) U DESERVED IT.
(33:26 / All) jakeIsMySister: It's not over yet
(33:27 / All) 3_Arrows: ALL ORANGE DID WAS HORDE GOLD LIKE A JEW
(33:35 / All) ddfdfkjekljfrio: GREEN
(33:39 / All) 3_Arrows: LMAO
(33:43 / All) ddfdfkjekljfrio: AH...MATHER FUCKER
(34:19 / All) rod-is-my-son: im showing red the tp staff treatment
(34:23 / Allies) ThUGLyfE: ...
(34:27 / Allies) ThUGLyfE: afk
(34:30 / All) jakeIsMySister: Anywhere I can hit?"
(34:35 / All) jakeIsMySister: Blue still has not realised
(34:35 / Allies) faast: oj could still win it
(35:44 / All) rod-is-my-son: ill rape u orange
(35:45 / All) rod-is-my-son: u suck
(35:46 / All) rod-is-my-son: ass
(35:56 / Allies) faast: fuck orange has it
(36:00 / All) 3_Arrows: he's worthless
(36:02 / All) 3_Arrows: lol
(36:03 / All) rod-is-my-son: no orange doesnt
(36:04 / All) rod-is-my-son: orange sucks
(36:05 / All) rod-is-my-son: ass
(36:11 / Allies) ThUGLyfE: i can pop orange
(36:23 / All) 3_Arrows: orange is a fucking moron. he's why we lose
(36:29 / All) jakeIsMySister: We haven't lost yet blue
(36:29 / All) rod-is-my-son: u didnt we lose
(36:30 / All) rod-is-my-son: idiot
(36:32 / All) 3_Arrows: lol, all this idiot did was steal our gold and not share
(36:39 / All) jakeIsMySister: "our"?
(36:40 / All) 3_Arrows: who cares
(36:45 / All) 3_Arrows: orange is still a moron
(36:50 / All) 3_Arrows: that's all that matters
(36:57 / All) 3_Arrows: idiot has over 12,000 gold
(36:58 / All) rod-is-my-son: rez ur hero purple
(36:59 / All) 3_Arrows: lol
(37:01 / All) jakeIsMySister: Earlier you said you would leave to get some tea. How's that going blue?
(37:03 / All) rod-is-my-son: i got 9k here
(37:07 / All) jakeIsMySister: 12k
(37:13 / All) 3_Arrows: it's great. I just posted on the net.
(37:15 / All) 3_Arrows: Im working lol
(37:23 / All) jakeIsMySister: You play WC3 at work? How successful
(37:30 / All) 3_Arrows: i work from home.
(37:33 / All) 3_Arrows: dumb ass
(37:41 / All) jakeIsMySister: Doing what, giving blowjobs to the lower class?
(37:48 / All) 3_Arrows: writing code, DUMB ASS.
(38:02 / All) jakeIsMySister: What kind? Web or programming? What's your favourite language?
(38:04 / All) jakeIsMySister: I like Python
(38:13 / All) rod-is-my-son: do u mod for morrowind blue
(38:20 / All) 3_Arrows: I use different ones. Never used python though. don't need it.
(38:33 / All) jakeIsMySister: Which is your favourite though?
(38:47 / All) 3_Arrows: why does it matter. It depends on what I'm doing. Web stuff is different than desktop
(38:52 / All) 3_Arrows: DUMB ASS!
(38:54 / All) 3_Arrows: LOOL
(38:59 / All) jakeIsMySister: You do web then? You never said
(39:01 / All) jakeIsMySister: Ajax is cool
(39:24 / All) 3_Arrows: I don't do windows shit. don't do ajax either. so far mostly php, some javascript
(39:32 / All) 3_Arrows: might get into ruby
(39:39 / All) jakeIsMySister: Ruby on Rails is alright
(39:42 / All) 3_Arrows: I also work from home trading.
(39:47 / All) jakeIsMySister: PHP is the most useful
(39:51 / All) 3_Arrows: php is ugly
(39:53 / All) 3_Arrows: but it works
(39:59 / All) jakeIsMySister: Yeah, it's messy to work with
(40:05 / All) 3_Arrows: but I don't like how you can't reload data without reloading a page
(40:07 / All) 3_Arrows: it's gay
(40:22 / All) jakeIsMySister: I hate how browsers take years to implement anything new
(40:34 / All) 3_Arrows: omg green, ur using wyverns vs human air? wow.
(40:43 / All) 3_Arrows: u kids... genius.
(40:55 / All) 3_Arrows: what do you do for work orange?
(40:59 / Allies) ThUGLyfE: prple give me ure gold
(41:07 / All) 3_Arrows: 14,000 and counting
(41:20 / All) jakeIsMySister: University
(41:25 / All) 3_Arrows: for what?
(41:26 / All) rod-is-my-son: !4k here too
(41:31 / All) jakeIsMySister: cosmology and physics
(41:36 / All) jakeIsMySister: since they are the only things I like that pay
(41:41 / All) jakeIsMySister: history and philosophy pay shit all
(41:51 / All) 3_Arrows: how much does that pay? doesn't sound like much
(42:04 / All) jakeIsMySister: cosmology pays $40,000 to $120,000 per year depending on the person
(42:10 / All) 3_Arrows: If you want money get into real estate, business, trading, or the entertainment industry.
(42:17 / All) rod-is-my-son: purple killed my shadow hunter lawl
(42:18 / All) jakeIsMySister: I would but I hate those. I want a job I enjoy
(42:26 / All) jakeIsMySister: Study of the universe has always interested me
(42:33 / All) jakeIsMySister: I'd go into astrobiology if it wasn't so pointless
(42:40 / All) 3_Arrows: yes but humans don't know shit about it, so it's a waste of time.
(42:53 / All) jakeIsMySister: Then we'll never know anything about it
(42:58 / All) 3_Arrows: humans are morons. they don't know shit about reality or the universe.
(43:04 / All) jakeIsMySister: Then there is only one way to find out
(43:10 / All) 3_Arrows: not true, we just have to wait until our technology gets much better.
(43:16 / All) 3_Arrows: right now is not good.
(43:17 / All) jakeIsMySister: Just because physics and cosmology are never complete does not mean they are not worth investing in
(43:20 / All) 3_Arrows: it's a waste of lives
(43:44 / All) 3_Arrows: ok, u go spend 50 years doing that, when u figure out you got no answers you let me know how good you feel you've wasted your
(43:46 / All) 3_Arrows: entire life
(43:56 / All) 3_Arrows: where do you live?
(44:06 / All) jakeIsMySister: Canada, Scottish immigrant
(44:14 / All) 3_Arrows: nice. what part of Canada?
(44:16 / All) jakeIsMySister: BC
(44:24 / All) 3_Arrows: cold up there
(44:37 / All) jakeIsMySister: Isn't that bad
(44:39 / All) jakeIsMySister: pretty mild
(44:41 / Allies) ThUGLyfE: im so confused
(44:41 / All) jakeIsMySister: lots of rain though
(44:43 / All) jakeIsMySister: just like the UK
(44:46 / Allies) ThUGLyfE: is green and orange on same team?
(44:48 / All) 3_Arrows: like seattle
(45:09 / All) 3_Arrows: You should be a tech nerd and create a billion dollar internet company
(45:21 / All) 3_Arrows: then build the most expensive telescope in history
(45:40 / All) jakeIsMySister: Too late to get into IT imo
(45:45 / All) 3_Arrows: Or develop free energy with solar panels in space that beams the power down to Earth 24/7.
(45:51 / All) 3_Arrows: too late? never
(46:12 / All) 3_Arrows: that's like saying 'too late' to get into medicine, physics, etc.
(46:20 / All) 3_Arrows: facebook is a joke
(46:30 / All) 3_Arrows: but it's the only thing people know so they use what's shoved in front of them
(46:36 / All) 3_Arrows: web interfaces suck
(46:42 / All) 3_Arrows: can't even compete with desktop apps
(46:43 / All) jakeIsMySister: I refuse to use social media. It's too intrusive on pirvacy
(46:46 / All) jakeIsMySister: *privacy
(46:55 / All) 3_Arrows: I don't use them cause they're for morons
(47:32 / All) 3_Arrows: yah u won't make much in those jobs probably
(47:54 / All) 3_Arrows: I was watching a real estate show on TV, where it follows the deals of these young agent/brokers.
(48:06 / All) 3_Arrows: This one 21 year old dude put togethe a deal, guess how much he got paid?
(48:28 / All) 3_Arrows: take a guess orange
(48:31 / All) 3_Arrows: 1 deal.
(48:34 / All) 3_Arrows: he's 21
(48:38 / All) 3_Arrows: how much money u think he made?
(48:38 / All) jakeIsMySister: 150k
(48:42 / All) 3_Arrows: higher
(48:59 / All) 3_Arrows: it was a big property in LA
(49:01 / All) 3_Arrows: guess again
(49:03 / All) 3_Arrows: 1 deal
(49:06 / All) 3_Arrows: 21 yr old
(49:11 / All) jakeIsMySister: 200k
(49:14 / All) 3_Arrows: MORE
(49:23 / All) jakeIsMySister: 1mil
(49:29 / All) 3_Arrows: almost. he made 750k
(49:31 / All) 3_Arrows: for 1 deal
(49:37 / All) rod-is-my-son: who u guys talking about
(49:42 / All) 3_Arrows: why the hell would you want to be a stupid cosmowhatever
(49:42 / All) jakeIsMySister: real estate
(49:48 / All) jakeIsMySister: I actually enjoy it
(49:51 / All) 3_Arrows: fucking 1 deal making almost a mil
(49:57 / All) 3_Arrows: enjoyment is for morons
(50:01 / All) 3_Arrows: in 15 years you'll hate it
(50:01 / All) jakeIsMySister: lol
(50:03 / All) 3_Arrows: and be broke
(50:11 / All) 3_Arrows: be smart go for the money
(50:19 / All) 3_Arrows: otherwise you'll be sucking it hating life
(50:22 / All) 3_Arrows: later on
(50:35 / All) 3_Arrows: move to LA or New York and do RE deals
(50:44 / All) 3_Arrows: you'll get rich so easy it's pathetic
(50:54 / All) 3_Arrows: no skills required
(50:59 / All) 3_Arrows: A fing monkey can sell real estate
(51:16 / All) jakeIsMySister: While you are alive, show yourself. Don't grive on things too long.
(51:20 / All) jakeIsMySister: A short period is left for life
(51:25 / All) 3_Arrows: green learn to make some worth while units
(51:27 / All) jakeIsMySister: It is up to time to bring the end
(51:33 / All) jakeIsMySister: Seikilos tablet, 100 AD
(51:56 / All) 3_Arrows: blah blah blah go get a bj
(52:01 / All) jakeIsMySister: lol
(52:01 / All) 3_Arrows: means nothing man.
(52:06 / All) 3_Arrows: quotes from fools who are not alive
(52:23 / All) jakeIsMySister: Fools who would find the planets and moons before Galileo Galilei
(52:37 / All) 3_Arrows: worthless so far.
(52:43 / All) 3_Arrows: and it's always gonna be 'someone'
(52:45 / All) jakeIsMySister: Defining all of modern culture and science so far
(52:51 / All) 3_Arrows: today, tomorrow, next year, whatever
(53:00 / All) 3_Arrows: worthless. it will all be redefined later
(53:06 / All) 3_Arrows: you know how many kids were taught wrong shit
(53:12 / All) jakeIsMySister: There won't be a "later" without cosmology and physics now
(53:18 / All) 3_Arrows: and who's lives were ruined from school based on wrong data?
(53:30 / All) 3_Arrows: there will always be a later, and so what if there isn't
(53:35 / All) 3_Arrows: life is temporary in this form
(53:47 / All) jakeIsMySister: So what, then. It's not for us to decide when the species ends.
(54:04 / All) 3_Arrows: nobody cares, bring out the world's smallest violin.
(54:06 / All) 3_Arrows: WA WA WA
(54:10 / All) 3_Arrows: who cares man
(54:14 / All) jakeIsMySister: I'm not the one complaining about the future
(54:20 / All) 3_Arrows: sure you are
(54:22 / All) jakeIsMySister: I am the one working to improve it. All you do is complain
(54:22 / All) 3_Arrows: lol
(54:27 / All) 3_Arrows: nah.
(54:36 / All) 3_Arrows: ur not improving anything
(54:53 / All) 3_Arrows: ur hiding from reality trying to pretend to hope to figure out places you'll never go
(54:55 / All) jakeIsMySister: Whose team gets the los?
(55:06 / All) 3_Arrows: who cares
(55:07 / All) jakeIsMySister: alright
(55:12 / All) 3_Arrows: we win
(55:14 / All) 3_Arrows: who cares
(55:16 / All) jakeIsMySister: should I help or no?
(55:17 / All) 3_Arrows: we lose
(55:18 / All) 3_Arrows: who cares
(55:25 / All) 3_Arrows: do whatever you want
(55:29 / All) rod-is-my-son: blue what are your thoughts on violent video games causing children to be violent themselve
(55:29 / All) 3_Arrows: I couldn't care less
(55:37 / All) jakeIsMySister: Do you still not realise, blue? green and I were in on this all game
(55:39 / All) 3_Arrows: Green, for many people this is true.
(55:44 / All) rod-is-my-son: what u mean?
(55:55 / All) 3_Arrows: orange do you still not realize I don't care
(55:56 / All) 3_Arrows: :)
(56:02 / All) rod-is-my-son: does shooting games or grand theft auto influence kids to committ crimes in their adult years?
(56:11 / All) jakeIsMySister: If you didn't care you would have left already
(56:21 / All) 3_Arrows: green, what I mean is: Given a broad data set, of course there will be many variables (data) that will be negatively influenced
(56:25 / All) 3_Arrows: by violent exposure.
(56:27 / All) 3_Arrows: OF COURSE.
(56:36 / All) jakeIsMySister: He is stupid, he doesn't understand that
(56:37 / All) 3_Arrows: people are different but very much the same.
(56:38 / All) jakeIsMySister: Dumb it down for him
(56:47 / All) jakeIsMySister: This brings us to the picture again. http://i.imgur.com/l1hrj.jpg
(56:49 / All) 3_Arrows: Green, yes, it fucks people up.
(56:53 / All) jakeIsMySister: That is him. Do not trust him to know big words
(56:55 / All) 3_Arrows: stupid picture.
(57:13 / All) rod-is-my-son: what if the kid was born in a health environment though? i doubt games caused him to become a criminal
(57:27 / All) 3_Arrows: music, tv, films, etc. all can poison people's minds and personalities
(57:41 / All) jakeIsMySister: He'd get stuck in Folsom prison because he shot a man in Reno, and time just keeps dragging on with the train keeping on rollin
(57:47 / All) rod-is-my-son: lawl
(57:54 / All) rod-is-my-son: i know of folson prison
(57:57 / All) rod-is-my-son: actually
(57:59 / All) 3_Arrows: movie?
(57:59 / All) rod-is-my-son: how do u know that
(58:05 / All) jakeIsMySister: Johnny Cash song
(58:31 / All) 3_Arrows: you need to know that the subconscience mind basically controls and dictates who we are, even if the conscience mind doesn't
(58:34 / All) 3_Arrows: know or agree
(58:35 / All) faast: oh fuck, i was awy
(58:40 / All) 3_Arrows: like we care
(58:41 / All) 3_Arrows: NOT
(58:41 / All) faast: wow, oj wins
(58:42 / All) jakeIsMySister: Hi Purple!
(58:47 / All) faast: happy win blue
(58:53 / All) rod-is-my-son: purple
(58:55 / All) 3_Arrows: no, I WIN. orange is along for the ride
(58:56 / All) 3_Arrows: LOL
(58:59 / All) jakeIsMySister: lol
(59:06 / All) 3_Arrows: I'm pulling the strings here
(59:09 / All) jakeIsMySister: I won this 1v7 against all odds. There is no need to still be upset
(59:20 / All) 3_Arrows: still? didn't know u were upset
(59:25 / All) jakeIsMySister: Actually you lose blue
(59:26 / All) jakeIsMySister: He left
(59:27 / All) 3_Arrows: this game not worth getting upset over
(59:29 / All) jakeIsMySister: So we changed our minds
(59:35 / All) 3_Arrows: I win no matter what.
(59:41 / All) 3_Arrows: I've already won. It's over.
(59:44 / All) 3_Arrows: past history.
(59:55 / All) 3_Arrows: I'm hungry too.
(59:58 / All) 3_Arrows: now I'm sad.
(60:16 / All) 3_Arrows: cause I've already brushed my teeth. If I eat now I gotta brush again.